Map: Disco Bloodbath LE

Players

Harstem - Winner!

  • Race: Protoss Protoss
  • League: Grandmaster
  • Spawn Location: 3:00

Elazer

  • Race: Zerg Zerg
  • Spawn Location: 9:00

VOD

https://www.youtube.com/watch?v=noA5iWAGl7g&feature=youtu.be

Description

Time

  • Played on: Aug. 30, 2019, 9:03 a.m.
  • Length: 9:53
Show
View Real Time Build Order
Export as new Build Order

Harstem Protoss - Winner!

Build Orders: 1 Gate Expand, Archon Immortal, Mass Adepts 

Get SALT Encoding   

  12  0:03  Probe  
  13  0:15  Probe  
  13  0:19  Pylon  
  14  0:27  Probe  
  15  0:35  Probe  
  16  0:43  Gateway, Probe  
  17  0:51  Assimilator  
  17  0:54  Probe  
  18  1:06  Probe  
  19  1:18  Probe  
  20  1:24  Nexus  
  20  1:34  Cybernetics Core  
  20  1:36  Probe  
  21  1:45  Assimilator  
  21  1:48  Probe  
  21  1:54  Pylon  
  22  2:00  Probe  
  23  2:02  Adept  
  23  2:12  Probe  
  26  2:21  Twilight Council  
  26  2:24  Warp Gate, Probe  
  27  2:33  Probe, Stalker  
  27  2:34  Probe  
  31  2:41  Probe  
  31  2:42  Probe  
  31  2:51  Probe  
  33  2:53  Robotics Facility  
  33  2:55  Probe  
  35  3:01  Resonating Glaives  
  35  3:03  Probe  
  36  3:07  Probe  
  36  3:09  Gateway  
  37  3:16  Gateway  
  37  3:19  Probe  
  38  3:22  Probe  
  39  3:33  Warp Prism  
  40  3:35  Gateway x2  
  42  3:50  Pylon  
  42  3:56  Assimilator  
  42  3:58  Pylon, Assimilator  
  42  4:12  Adept x3  
  42  4:14  Probe  
  48  4:20  Pylon  
  48  4:21  Probe  
  49  4:32  Adept x5  
  49  4:36  Pylon  
  59  4:40  Pylon  
  59  4:47  Probe  
  59  4:52  Adept x5  
  70  5:13  Adept x5  
  80  5:15  Probe  
  80  5:16  Probe  
  82  5:24  Dark Shrine  
  80  5:48  Adept x4  
  84  5:51  Probe x2  
  84  5:54  Pylon  
  80  6:00  Immortal  
  80  6:03  Probe x2  
  64  6:15  Probe, Nexus  
  65  6:23  Probe  
  62  6:28  Immortal  
  62  6:29  Adept x4  
  62  6:37  Dark Templar  
  64  6:44  Forge  
  68  6:48  Pylon, Probe  
  68  6:50  Probe, Protoss Ground Weapons Level 1  
  70  7:02  Sentry x3  
  80  7:09  Probe  
  81  7:16  Probe  
  81  7:17  Immortal  
  81  7:21  Probe  
  83  7:28  Probe  
  84  7:30  Gateway  
  84  7:32  Zealot x2, Sentry  
  84  7:33  Gateway, Probe  
  91  7:40  Probe  
  91  7:43  Shield Battery, Probe  
  93  7:45  Zealot x2  
  93  7:46  Charge  
  93  7:47  Probe  
  98  7:52  Probe  
  98  7:55  Probe  
  100  7:59  Probe  
  100  8:04  Probe  
  102  8:06  Immortal  
  102  8:07  Probe  
  102  8:09  Assimilator  
  102  8:11  Probe  
  104  8:12  Assimilator  
  104  8:16  Gateway  
  104  8:17  Probe  
  109  8:20  Photon Cannon  
  109  8:23  Shield Battery, Templar Archives  
  109  8:28  Probe  
  109  8:31  Probe  
  109  8:33  Pylon  
  110  8:34  Probe  
  110  8:35  Pylon  
  108  8:43  Dark Templar x2  
  108  8:47  Archon  
  116  8:49  Pylon  
  116  8:59  Zealot x3, Dark Templar x2  
  126  9:04  Archon  
  126  9:06  Pylon  
  126  9:07  Immortal  
  126  9:12  Zealot  
  128  9:22  Zealot x4  
  136  9:26  Adept  
  114  9:38  Zealot  
  114  9:39  Zealot x2  
  102  9:47  Zealot x3  
  102  9:48  Zealot x2  
Show
View Real Time Build Order
Export as new Build Order

Elazer Zerg 

Build Orders: Hatch First 

Get SALT Encoding   

  12  0:00  Drone  
  13  0:12  Overlord  
  13  0:16  Drone  
  14  0:30  Drone x2  
  16  0:46  Hatchery  
  15  0:50  Drone  
  15  0:53  Drone  
  17  0:57  Drone  
  18  1:07  Extractor  
  17  1:12  Spawning Pool  
  17  1:15  Drone  
  17  1:19  Drone  
  18  1:27  Drone  
  19  1:38  Drone  
  20  1:50  Drone  
  21  1:59  Zergling x2, Queen x2  
  21  2:00  Overlord  
  26  2:10  Zergling x2  
  26  2:11  Drone  
  28  2:20  Drone  
  28  2:21  Drone  
  30  2:27  Hatchery  
  29  2:32  Drone x2  
  31  2:38  Queen  
  31  2:43  Metabolic Boost  
  33  2:48  Overlord  
  33  2:50  Drone  
  34  2:53  Drone  
  34  2:55  Drone  
  36  3:07  Drone x2  
  36  3:08  Drone x4  
  36  3:12  Overlord  
  42  3:18  Queen  
  44  3:28  Lair  
  44  3:30  Drone  
  44  3:31  Drone x2  
  47  3:37  Drone, Extractor  
  47  3:38  Roach Warren  
  47  3:40  Drone  
  47  3:42  Drone  
  47  3:43  Drone  
  47  3:44  Drone  
  47  3:46  Drone  
  52  3:48  Drone  
  52  3:50  Drone  
  52  3:52  Drone  
  54  3:57  Overlord, Drone  
  54  3:58  Drone  
  56  4:03  Overlord  
  56  4:09  Zergling x4  
  58  4:14  Overlord  
  58  4:16  Spore Crawler  
  57  4:18  Drone  
  57  4:19  Roach x3  
  57  4:22  Roach  
  66  4:26  Roach x2  
  66  4:27  Overseer  
  70  4:32  Overseer  
  70  4:33  Zergling x4  
  70  4:36  Overlord  
  72  4:42  Roach x2  
  72  4:43  Overlord, Spine Crawler  
  74  4:48  Overlord  
  74  4:49  Roach  
  75  4:54  Extractor  
  75  4:55  Roach  
  75  4:56  Roach  
  75  4:59  Overlord  
  78  5:02  Roach  
  80  5:10  Roach x2  
  83  5:15  Roach  
  83  5:17  Overlord  
  83  5:19  Overlord  
  85  5:22  Zergling x6  
  85  5:23  Roach  
  85  5:24  Roach  
  91  5:29  Roach x2  
  94  5:37  Roach  
  94  5:38  Roach  
  93  5:43  Roach x2  
  80  5:58  Drone x8  
  80  6:05  Drone  
  80  6:11  Glial Reconstitution  
  77  6:12  Drone x3  
  78  6:21  Drone x2  
  78  6:24  Drone x3  
  79  6:33  Drone x2  
  79  6:36  Queen  
  79  6:37  Drone  
  84  6:42  Overseer  
  84  6:44  Drone x2  
  86  6:49  Drone x3  
  86  6:50  Drone  
  90  6:55  Drone x2  
  90  6:56  Drone  
  90  7:00  Pneumatized Carapace  
  93  7:08  Drone x3  
  96  7:09  Baneling Nest, Evolution Chamber  
  96  7:14  Drone  
  93  7:16  Drone x4  
  93  7:17  Drone  
  93  7:20  Overlord  
  98  7:23  Drone x2  
  98  7:25  Drone  
  98  7:28  Drone, Extractor  
  101  7:30  Drone  
  101  7:33  Extractor  
  101  7:36  Drone  
  102  7:39  Drone  
  102  7:40  Drone  
  102  7:42  Zerg Melee Weapons Level 1  
  102  7:44  Drone  
  105  7:48  Drone x3  
  108  7:51  Drone x6  
  113  8:01  Centrifical Hooks  
  113  8:07  Hatchery  
  113  8:09  Roach x5  
  122  8:15  Overlord  
  121  8:21  Overlord  
  121  8:23  Roach x5  
  129  8:36  Zergling x16  
  129  8:37  Ravager  
  129  8:38  Ravager x3  
  140  8:45  Zergling x12  
  146  8:51  Zergling x8  
  150  9:06  Zergling x6  
  150  9:07  Baneling  
  150  9:08  Baneling x27  
  153  9:13  Overlord  
  153  9:14  Zergling x2  
Tags
 
Add a new tag
Caveats
  • Supply blocks, unpowered buildings, or Contaminate may cause inaccurate times.
  • Supply counts are checked every 10 seconds.